 Dungeon Crawl Stone Soup version 0.22-a0-614-g34fbaa0 (webtiles) character file.

1878 royokou the Destroyer (level 8, -1/57 HPs)
             Began as a White Draconian Fire Elementalist on July 15, 2018.
             Was a Follower of Vehumet.
             Splashed by an orc's acid (9 damage)
             ... on level 7 of the Dungeon on July 16, 2018.
             The game lasted 00:35:47 (8855 turns).

royokou the Destroyer (DrFE)                        Turns: 8855, Time: 00:35:48

Health: -1/57      AC:  5    Str: 11    XL:     8   Next: 91%
Magic:  16/16      EV: 12    Int: 17    God:    Vehumet [*.....]
Gold:   221        SH:  0    Dex: 12    Spells: 2/18 levels left

rFire    . . .     SeeInvis .   m - +1 hand axe
rCold    + . .     Gourm    .   (no shield)
rNeg     . . .     Faith    .   (armour unavailable)
rPois    .         Spirit   .   (helmet restricted)
rElec    .         Reflect  .   s - +1 cloak
rCorr    .         Harm     .   (no gloves)
MR       +....                  y - +0 pair of boots
Stlth    ++........             (no amulet)
HPRegen  0.19/turn              d - ring of protection from magic
MPRegen  0.15/turn              t - ring of wizardry

@: corroded
A: breathe frost, unfitting armour, cold resistance 1, cold-blooded, AC +6
a: Breathe Frost, Renounce Religion


You were on level 7 of the Dungeon.
You worshipped Vehumet.
Vehumet was aware of your devotion.
You were hungry.

You visited 2 branches of the dungeon, and saw 8 of its levels.
You also visited: Sewer.

You collected 341 gold pieces.
You spent 120 gold pieces at shops.

Inventory:

Hand Weapons
 m - a +1 hand axe (weapon)
Armour
 g - a scarf of repulsion
 s - a +1 cloak (worn)
 y - a +0 pair of boots (worn)
Magical Staves
 w - an uncursed staff of energy
Jewellery
 d - a ring of protection from magic (left hand)
 t - a ring of wizardry (right hand)
Wands
 c - a wand of digging (20)
Scrolls
 a - 2 scrolls of amnesia
 i - 2 scrolls of magic mapping
 p - 4 scrolls of teleportation
 z - a scroll of enchant weapon
Potions
 e - a potion of lignification
 f - 4 potions of resistance
 j - 4 potions of brilliance
 k - 2 potions of mutation
 l - a potion of haste
 n - 2 potions of curing
 o - a potion of magic {unknown}
 q - a potion of might {unknown}
 r - 2 potions of berserk rage
 v - 2 potions of heal wounds
 x - a potion of flight {unknown}
 A - a potion of cancellation {unknown}
Comestibles
 b - 10 rations
 h - 4 chunks of flesh


   Skills:
 - Level 1.7 Dodging
 - Level 1.7 Stealth
 + Level 5.6 Spellcasting
 * Level 8.3 Conjurations
 + Level 5.3 Fire Magic


You had 2 spell levels left.
You knew the following spells:

 Your Spells              Type           Power        Failure   Level  Hunger
a - Flame Tongue          Conj/Fire      ####.        1%          1    None
b - Conjure Flame         Conj/Fire      ####....     1%          3    ##.....
c - Sticky Flame          Conj/Fire      ####....     3%          4    ####...
d - Fireball              Conj/Fire      ####......   9%          5    ######.
e - Inner Flame           Hex/Fire       ##......     6%          3    ##.....

Your spell library contained the following spells:

 Spells                   Type           Power        Failure   Level  Hunger
 Confuse                  Hex            #.......     16%         3    ##.....
 Throw Flame              Conj/Fire      ####..       1%          2    #......
 Tukima's Dance           Hex            #.......     16%         3    ##.....
 Spider Form              Tmut/Pois      #.........   16%         3    ##.....
 Blade Hands              Tmut           #.........   80%         5    ######.
 Ice Form                 Ice/Tmut       #.......     45%         4    ####...
 Sticks to Snakes         Tmut           #.......     9%          2    #......
 Ensorcelled Hibernation  Hex/Ice        #.....       9%          2    #......
 Corona                   Hex            #......      6%          1    None
 Beastly Appendage        Tmut           #.....       6%          1    None
 Dazzling Spray           Conj/Hex       ###...       3%          3    ##.....


Dungeon Overview and Level Annotations

Branches:
Dungeon (7/15)             Temple (1/1) D:4

Altars:
Ashenzari
Cheibriados
Dithmenos
Elyvilon
Fedhas
Gozag
Hepliaklqana
Kikubaaqudgha
Makhleb
Nemelex Xobeh
Okawaru
Qazlal
Ru
Sif Muna
Trog
Uskayaw
Vehumet
Wu Jian
Xom
Yredelemnul
The Shining One

Shops:
D:5 !   D:7 %

Annotations:
D:2 Sigmund
D:5 2 transporters
D:6 3 runed doors, miscthings's ghost, novice OpAs


Innate Abilities, Weirdness & Mutations

You can breathe waves of freezing cold.
You can buffet flying creatures when you breathe cold.
Your icy white scales are hard. (AC +6)
You cannot fit into any form of body armour.
Your flesh is cold resistant. (rC+)
You are cold-blooded and may be slowed by cold attacks.


Message History

You start resting.
Magic restored.
You see here a jackal corpse.
You start resting.
You are feeling hungry.
You butcher the jackal corpse.
h - a chunk of flesh You see here a jackal corpse.
You butcher the jackal corpse.
h - 4 chunks of flesh (gained 3)
There is a stone staircase leading down here.
You climb downwards.
The worker ant bites you but does no damage.
The orc hits you with a hand axe!
The orc zaps a wand.
The bolt of acid hits you!
You are splashed with acid!
The acid burns!
The worker ant bites you but does no damage.
The orc closely misses you.
The orc zaps a wand.
The bolt of acid hits you!
* * * LOW HITPOINT WARNING * * *
The acid corrodes you!
You are splashed with acid!
The acid burns!
You die...

...................
#........##########.
#........## #.
#.........# #.
#.........# #.
#.........# ##
#.........#
#..o......####
#.o@.........####
#...a.....##...)# #
#.........###...## #
........>....#8.o.8#
#
#.....>..######...##
+ ..........# #h..#
# #.#........#
##...## #
.....#'##### #8o..8#
# ##..(##


You could see a worker ant and 2 orcs.

Vanquished Creatures
  Menkaure (D:5)
  A sky beast (D:6)
  2 ice beasts
  A big kobold (Sewer)
  3 bullfrogs
  Blork the orc (D:6)
  A gnoll sergeant (D:6)
  3 wights (D:7)
  2 crimson imps
  A jelly (D:5)
  2 hounds
  4 orc wizards
  An orc priest (D:6)
  3 iguanas
  5 worker ants
  A hound zombie (D:6)
  18 adders
  12 gnolls
  A howler monkey skeleton (D:4)
  A river rat (Sewer)
  A shadow imp (D:7)
  6 oozes
  An adder zombie (D:6)
  4 worms
  3 dart slugs
  8 leopard geckos
  16 orcs
  3 bats
  11 giant cockroaches
  6 goblins
  8 hobgoblins
  6 jackals
  7 kobolds
  4 quokkas
  2 ball pythons
  4 frilled lizards
  A leopard gecko skeleton (D:5)
  A quokka skeleton (D:4)
  A quokka zombie (D:5)
  19 rats
176 creatures vanquished.

Vanquished Creatures (others)
  An orc (D:7)
  A rat (D:3)
2 creatures vanquished.

Grand Total: 178 creatures vanquished

Notes
Turn   | Place    | Note
-------+----------+-------------------------------------------
     0 | D:1      | royokou the Draconian Fire Elementalist began the quest for the Orb.
     0 | D:1      | Reached XP level 1. HP: 14/14 MP: 3/3
   237 | D:1      | Reached XP level 2. HP: 7/20 MP: 0/5
   821 | D:2      | Reached skill level 2 in Conjurations
   949 | D:2      | Reached XP level 3. HP: 25/26 MP: 0/6
  1085 | D:2      | Learned a level 3 spell: Conjure Flame
  1196 | D:2      | Noticed Sigmund
  1432 | D:2      | Found an opulent altar of Gozag.
  1432 | D:2      | Found a blossoming altar of Fedhas.
  1598 | D:2      | Reached XP level 4. HP: 33/33 MP: 3/7
  1648 | D:2      | Noticed a bullfrog
  1657 | D:2      | Killed a bullfrog
  1657 | D:2      | Reached skill level 3 in Conjurations
  1763 | D:2      | Learned a level 4 spell: Sticky Flame
  2106 | D:3      | Reached XP level 5. HP: 38/38 MP: 7/9
  2274 | D:3      | Found a shattered altar of Ashenzari.
  2648 | D:3      | Found a glowing drain.
  2655 | Sewer    | Entered a sewer
  2721 | Sewer    | Reached skill level 4 in Conjurations
  2805 | Sewer    | Reached XP level 6. HP: 45/45 MP: 7/10
  4086 | D:3      | Reached skill level 5 in Conjurations
  4468 | D:4      | Your scales start taking on an icy white colour.
  4468 | D:4      | Reached XP level 7. HP: 50/50 MP: 7/12
  4468 | D:4      | Gained mutation: Your flesh is cold resistant. (rC+) [White Draconian growth]
  4540 | D:4      | Found a staircase to the Ecumenical Temple.
  4550 | Temple   | Entered the Ecumenical Temple
  4614 | Temple   | Became a worshipper of Vehumet
  4852 | D:4      | Learned a level 5 spell: Fireball
  4987 | D:5      | Entered Level 5 of the Dungeon
  4987 | D:5      | Found Lang's Distillery.
  4995 | D:5      | Bought a potion of heal wounds for 75 gold pieces
  4995 | D:5      | Bought a potion of curing for 45 gold pieces
  5141 | D:5      | Noticed Menkaure
  5163 | D:5      | Killed Menkaure
  5163 | D:5      | Reached skill level 6 in Conjurations
  5563 | D:5      | Found a transporter.
  5725 | D:5      | Found a deep blue altar of Sif Muna.
  6152 | D:5      | Found a transporter.
  6166 | D:5      | Noticed a fire bat
  6804 | D:6      | Reached XP level 8. HP: 44/57 MP: 0/14
  6909 | D:6      | Learned a level 3 spell: Inner Flame
  7081 | D:6      | Noticed Blork the orc
  7092 | D:6      | Killed Blork the orc
  7092 | D:6      | Reached skill level 7 in Conjurations
  7125 | D:6      | Found a sparkling altar of Nemelex Xobeh.
  7413 | D:6      | Reached skill level 5 in Spellcasting
  7615 | D:6      | Found a runed gate.
  7615 | D:6      | Found a runed gate.
  7615 | D:6      | Found a runed gate.
  7623 | D:6      | Noticed miscthings's ghost (novice OpAs)
  8094 | D:7      | Reached * piety under Vehumet
  8094 | D:7      | Offered knowledge of Sting by Vehumet.
  8094 | D:7      | Reached skill level 5 in Fire Magic
  8124 | D:7      | HP: 1/57 [bullfrog (7)]
  8376 | D:7      | Reached skill level 8 in Conjurations
  8615 | D:7      | Found Teileo Poygh's Food Emporium.
  8855 | D:7      | Splashed by an orc's acid

Vault maps used:
D:1:      lightli_arrival_windingriver
D:2:      gammafunk_temple_overflow_statue, uniq_sigmund
D:3:      ashenzari_conservatory_becter, gup_sewer_entry_pipe
D:4:      minmay_temple_entry_mist, first_ration
D:5:      gammafunk_cloud_chamber, serial_shops, shop, serial_column_ruins,
          column_ruins_hut, column_ruins_open_small,
          column_ruins_columns_straight, column_ruins_corridor_plus,
          column_ruins_columns_corner, basic_altar, st_stairs_3, dk_vineyard_2,
          uniq_menkaure
D:6:      gammafunk_ghost_necromancy, basic_altar, uniq_blork_the_orc
D:7:      serial_shops, kennysheep_little_box, serial_corexii_hall,
          corexii_hall_statues_u, corexii_hall_statues_x, corexii_hall_statues_i
Temple:   compressed_dpeg_circular_temple
Sewer:    sewer_co_tree

Skill      XL: |  1  2  3  4  5  6  7  8 |
---------------+-------------------------+-----
Conjurations   | 2 3 4 5 6 8 |  8.3
Spellcasting   | 3 4 5 |  5.6
Fire Magic     | 4 3 4 5 |  5.3
Dodging        | |  1.7
Stealth        | |  1.7

Action                   |  1- 3 |  4- 6 |  7- 9 || total
-------------------------+-------+-------+-------++-------
Melee: Whip              |    21 |       |       ||    21
       Unarmed           |     2 |       |       ||     2
       Tailslap          |     2 |     2 |    17 ||    21
       Hand axe          |       |    21 |   171 ||   192
 Cast: Flame Tongue      |    56 |   163 |   113 ||   332
       Sticky Flame      |       |       |    20 ||    20
       Fireball          |       |       |     2 ||     2
       Inner Flame       |       |       |     2 ||     2
       Conjure Flame     |       |       |     1 ||     1
  Use: Scroll            |       |       |    15 ||    15
       Potion            |       |       |     2 ||     2
 Stab: Sleeping          |       |     1 |     2 ||     3
  Eat: Chunk             |     3 |     9 |    15 ||    27
       Ration            |       |       |     1 ||     1
Armor: Skin              |    18 |    21 |    92 ||   131
Dodge: Dodged            |    37 |    54 |   155 ||   246

Table legend:
 A = Spawn XP
 B = Non-spawn XP
 C = Spawn XP percentage of total XP
 D = Spawn monster count
 E = Non-spawn monster count
 F = Spawn count percentage of total count
 G = Total turns spent on level
                    A         B        C        D         E        F      G
               +---------+---------+-------+---------+---------+-------+---------
         Total |       0 |    2684 |   0.0 |       0 |     177 |   0.0 |  8855
               +---------+---------+-------+---------+---------+-------+---------
           D:1 |       0 |      24 |   0.0 |       0 |      13 |   0.0 |   813
           D:2 |       0 |     171 |   0.0 |       0 |      17 |   0.0 |  1283
           D:3 |       0 |     190 |   0.0 |       0 |      42 |   0.0 |  1260
           D:4 |       0 |     184 |   0.0 |       0 |      22 |   0.0 |   808
           D:5 |       0 |     490 |   0.0 |       0 |      10 |   0.0 |  1615
           D:6 |       0 |     726 |   0.0 |       0 |      29 |   0.0 |  1496
           D:7 |       0 |     660 |   0.0 |       0 |      16 |   0.0 |   723
         Sewer |       0 |     239 |   0.0 |       0 |      28 |   0.0 |   783
               +---------+---------+-------+---------+---------+-------+---------
